 Dungeon Crawl Stone Soup version 0.28-b1-1-g3c77fb2ed1 (webtiles) character file.

Game seed: 11806859891681671601

722 McKennaii the Destroyer (level 7, -5/50 HPs)
             Began as a Demigod Conjurer on Jan 28, 2022.
             Shot with an arrow by a centaur (17 damage)
             ... on level 7 of the Dungeon.
             The game lasted 00:04:22 (3585 turns).

McKennaii the Destroyer (Demigod Conjurer)          Turns: 3585, Time: 00:04:22

Health: -5/50      AC:  5    Str:  7 (10) XL:     7   Next: 19%
Magic:  1/24       EV: 12    Int: 25 (28) God:
Gold:   92         SH:  0    Dex: 10 (12) Spells: 18/25 levels left

rFire   + . .      SeeInvis .   j - staff of fire
rCold   . . .      Faith    .   (no shield)
rNeg    . . .      Spirit   .   a - +0 robe
rPois   +          Reflect  .   (no helmet)
rElec   +          Harm     .   (no cloak)
rCorr   .          Rampage  .   (no gloves)
Will    .....                   o - +0 pair of boots
Stlth   ++........              (no amulet)
HPRegen 0.16/turn               d - ring of poison resistance
MPRegen 0.19/turn               (no ring)

@: about to teleport
A: high mp 1, forlorn, divine attributes, iridescent scales 1, electricity
resistance, strong 1
a: no special abilities


You were on level 7 of the Dungeon.
You visited 1 branch of the dungeon, and saw 5 of its levels.

You collected 92 gold pieces.

Inventory:

Armour
 a - a +0 robe (worn)
 o - a +0 pair of boots (worn)
Magical Staves
 j - a staff of fire (weapon)
Jewellery
 d - a ring of poison resistance (left hand)
 q - an amulet of regeneration
Scrolls
 e - 2 scrolls of brand weapon
 f - a scroll of enchant armour {unknown}
 h - a scroll of identify
 i - 2 scrolls of magic mapping
 p - a scroll of vulnerability {unknown}
Potions
 g - a potion of might


   Skills:
 - Level 1.7 Dodging
 - Level 1.7 Stealth
 + Level 9.7 Spellcasting
 - Level 11.0 Conjurations


You had 18 spell levels left.
You knew the following spells:

 Your Spells              Type           Power      Damage    Failure   Level
a - Magic Dart            Conj           100%       1d8       1%          1
b - Searing Ray           Conj           100%       2d8       1%          2
c - Iskenderun's Mystic   Conj/Tloc      39%        2d9       5%          4

Your spell library contained the following spells:

 Spells                   Type           Power      Damage    Failure   Level
 Dazzling Flash           Conj/Hex       78%        N/A       1%          3
 Fulminant Prism          Conj/Hex       19%        3d11      5%          4
 Ensorcelled Hibernation  Hex/Ice        24%        N/A       8%          2
 Passwall                 Tmut/Erth      10%        N/A       8%          2
 Swiftness                Air            12%        N/A       16%         3


Dungeon Overview and Level Annotations

Branches:
Dungeon (4/15)
 Temple: D:4-7

Shops:
D:1 *

Annotations:
D:3 3 runed translucent doors, AuftragZ's ghost, amateur DrCj


Innate Abilities, Weirdness & Mutations

You have an increased reservoir of magic. (+10% MP)
You shall have no god before yourself.
Your divine heritage dramatically boosts your attributes as you level up.
You are partially covered in iridescent scales. (AC +2)
You are resistant to electric shocks. (rElec)
Your muscles are strong. (Str +2)


Message History

Training target 10.0 for Conjurations reached!
You have reached level 7!
The sky beast hits you. The sky beast shocks you. You resist.
Casting: Searing Ray (safe; 1% risk of failure)
Confirm with . or Enter, or press ? or * to list all spells.
You don't have enough magic to cast this spell.
Unknown command.
You aren't carrying any items that you can evoke.
As you read the scroll labelled HUWUICLY YQEXUE, it crumbles to dust.
It is a scroll of brand weapon.
You aren't carrying any weapons that can be branded.
The sky beast hits you. The sky beast shocks you. You resist.
As you read the scroll labelled ANWU WUEVAYM, it crumbles to dust.
It is a scroll of identify.
i - 2 scrolls of magic mapping The sky beast hits you.
The sky beast shocks you. You resist.
As you read the scroll labelled IRAIZAX GYPURO, it crumbles to dust.
You feel strangely unstable.
It was a scroll of teleportation.
The sky beast closely misses you.
Your surroundings suddenly seem different.
A centaur comes into view.
The centaur shouts!
The centaur wields a +0 shortbow.
The centaur shoots an arrow.
The arrow hits you.
* * * LOW HITPOINT WARNING * * *
Okay, then.
As you read the scroll of teleportation, it crumbles to dust.
You feel strangely unstable.
The centaur shoots an arrow.
The arrow barely misses you.
Unknown command.
Casting: Searing Ray (safe; 1% risk of failure)
Confirm with . or Enter, or press ? or * to list all spells.
Aiming: Searing Ray (safe; 1% risk of failure)
Press: ? - help, Shift-Dir - straight line, f - centaur
Aim: a centaur, wielding a +0 shortbow and quivering arrows (90% to hit)
The searing ray hits the centaur.
The centaur is moderately wounded. (Press . to maintain the ray.)
The centaur shoots an arrow.
The arrow hits you!
You die...

## .####..
#.###.......
#...@.......
..........c####
##.#.##..### ..
...# #. #.## #
#.# #.# ..#


You could see a centaur.

Vanquished Creatures
  A phantom (D:3)
  An iguana (D:4)
  A killer bee zombie (D:7)
  An adder (D:3)
  A dart slug (D:1)
  3 orcs (D:7)
  3 ball pythons
  6 endoplasms
  4 giant cockroaches
  5 goblins
  7 hobgoblins
  2 quokkas (D:1)
  7 bats
  2 frilled lizards (D:3)
  3 kobolds
  6 rats
53 creatures vanquished.

Notes
Turn   | Place    | Note
-------+----------+-------------------------------------------
     0 | D:1      | McKennaii the Demigod Conjurer began the quest for the Orb.
     0 | D:1      | Reached XP level 1. HP: 14/14 MP: 5/5
   224 | D:1      | Found Ebatemor's Assorted Antiques.
   488 | D:1      | Reached XP level 2. HP: 20/20 MP: 5/7
   676 | D:1      | Reached skill level 4 in Conjurations
  1332 | D:2      | Reached XP level 3. HP: 26/26 MP: 7/9
  2076 | D:3      | Found a runed translucent gate.
  2077 | D:3      | Found a runed translucent gate.
  2077 | D:3      | Found a runed translucent gate.
  2081 | D:3      | Noticed AuftragZ's ghost (amateur DrCj)
  2637 | D:3      | Noticed a phantom
  2716 | D:2      | Learned a level 2 spell: Searing Ray
  3342 | D:3      | Killed a phantom
  3343 | D:3      | Reached XP level 4. HP: 33/33 MP: 3/11
  3348 | D:3      | Learned a level 4 spell: Iskenderun's Mystic Blast
  3445 | D:4      | Reached XP level 5. HP: 28/38 MP: 0/13
  3550 | D:4      | You fall into a shaft and drop 3 floors!
  3563 | D:7      | Reached skill level 5 in Conjurations
  3564 | D:7      | Noticed a sky beast
  3568 | D:7      | Gained mutation: You are partially covered in iridescent
                  | scales. (AC +2) [potion of mutation]
  3568 | D:7      | Gained mutation: You are resistant to electric shocks.
                  | (rElec) [potion of mutation]
  3568 | D:7      | Gained mutation: Your muscles are strong. (Str +2) [potion
                  | of mutation]
  3573 | D:7      | Reached skill level 9 in Conjurations
  3573 | D:7      | Reached XP level 6. HP: 8/45 MP: 0/20
  3577 | D:7      | Reached skill level 11 in Conjurations
  3577 | D:7      | Reached XP level 7. HP: 28/50 MP: 1/24
  3585 | D:7      | Shot with an arrow by a centaur

Illustrated notes

Levels and vault maps discovered:
D:1:      dpeg_arrival_chambers_temple_mockup, layout_basic,
          hellmonk_ecumenical_altar_run_dry, serial_shops,
          nicolae_shop_overgrown_old_shop
D:2:      layout_loops_ring, basic_altar
D:3:      layout_basic, gammafunk_ghost_necromancy
D:4:      layout_basic, mainiacjoe_overflow_surrounded_room,
          mainiacjoe_overflow_tiny_flanked, serial_shops, shop
D:7:      layout_loops_cross, elyvilon_altar_5, nzn_wu_jian_council_hall,
          zin_purify, nicolae_hepliaklqana_monster_ancestors,
          minmay_increasing_density

Skill      XL: |  1  2  3  4  5  6 |
---------------+-------------------+-----
Spellcasting   | 2 3 8 9 |  9.7
Conjurations   | 4 9 11 | 11.0
Dodging        | |  1.7
Stealth        | |  1.7

Action                   |  1- 3 |  4- 6 |  7- 9 || total
-------------------------+-------+-------+-------++-------
Melee: Unarmed           |     7 |       |       ||     7
       Staff             |     5 |       |       ||     5
 Cast: Magic Dart        |    95 |    11 |       ||   106
       Searing Ray       |     2 |     4 |     1 ||     7
  Use: Potion            |       |     8 |       ||     8
       Scroll            |       |       |     4 ||     4
Armor: Robe              |     5 |     3 |       ||     8
Dodge: Dodged            |    13 |     6 |     2 ||    21
